 Dungeon Sprint DCSS version 0.14-a0-329-g7c54ee0 (console) character file.

28066 Dalvant the Pyromancer (level 12, -3/63 (64) HPs)
             Began as a Deep Elf Fire Elementalist on Oct 22, 2013.
             Was the Champion of Vehumet.
             Killed by the air
             ... invoked by Gastronok
              (24 damage)
             ... in the Dungeon (Sprint III: "The Ten Rune Challenge").
             The game lasted 00:33:11 (4999 turns).

Dalvant the Pyromancer (Deep Elf Fire Elementalist) Turns: 4999, Time: 00:33:11

HP  -3/63 (64)   AC  6     Str  8      XL: 12   Next: 89%
MP   6/34        EV 17     Int 28      God: Vehumet [******]
Gold 2642        SH  0     Dex 15      Spells: 10 memorised, 22 levels left

Res.Fire  : + + .   See Invis. : .   M - staff of fire
Res.Cold  : + + .   Warding    : .   r - +2 elf robe {rC+ rF+}
Life Prot.: . . .   Conserve   : .   (no shield)
Res.Poison: +       Res.Corr.  : .   (no helmet)
Res.Elec. : +       Clarity    : +   J - +0 cloak of Starlight {rElec rC+ EV+4 Stlth-}
Sust.Abil.: . .     Spirit.Shd : .   (no gloves)
Res.Mut.  : .       Prev.Telep.: +   k - +0 pair of boots
Res.Rott. : .       Flight     : .   (no amulet)
Saprovore : . . .                    f - ring of regeneration
                                     z - ring "Gekhaky" {rPois Str+3 Int+2}

@: delayed fireball, somewhat resistant to hostile enchantments, stealthy
A: hooves 1, clarity, -10% mp, wild magic 1
a: Renounce Religion, Release Delayed Fireball


You were in the Dungeon.
You worshipped Vehumet.
Vehumet was exalted by your worship.
You were not hungry.

You visited 1 branch You collected 3294 gold pieces.
You spent 672 gold pieces at shops.

Inventory:

Hand weapons
 c - the +12,+4 dagger of Honour {stab, +Inv rElec rF+}
   (You found it in the Dungeon)

   It inflicts extra damage upon your enemies.
   It protects you from fire.
   It insulates you from electricity.
   It lets you turn invisible.
Armour
 k - a +0 pair of boots (worn)
 r - a +2 elven robe of resistance (worn)
 J - the +0 cloak of Starlight (worn) {rElec rC+ EV+4 Stlth-}
   (You found it in the Dungeon)

   It affects your evasion (+4).
   It protects you from cold.
   It insulates you from electricity.
   It makes you much less stealthy.
Magical devices
 b - a wand of disintegration (14) {unknown}
 D - a wand of heal wounds (8)
Comestibles
 j - a choko
 s - 3 rotting chunks of komodo dragon flesh
 t - a chunk of swamp drake flesh
 u - 3 chunks of blink frog flesh
 w - a royal jelly
Scrolls
 a - a scroll of curse armour {unknown}
 i - 2 scrolls of blinking
 l - a scroll of random uselessness {unknown}
 m - 2 scrolls of identify
 n - a scroll of curse weapon {unknown}
 o - 2 scrolls of remove curse
 q - a scroll of fog {unknown}
 x - 2 scrolls of enchant armour
 G - a scroll of amnesia
Jewellery
 f - a ring of regeneration (right hand)
 z - the ring "Gekhaky" (left hand) {rPois Str+3 Int+2}
   (You took it off a deep elf death mage in the Dungeon)

   [ring of poison resistance]

   It affects your strength (+3).
   It affects your intelligence (+2).
 C - an uncursed ring of see invisible
 L - an uncursed ring of sustenance
Potions
 d - 2 potions of curing
 e - a potion of heal wounds
 g - 3 potions of magic
 h - a potion of berserk rage
 p - a potion of flight
Books
 F - Sif Muna's Almanac of Intoxication
   (You found it in the Dungeon)

   Spells                             Type                      Level
   Cure Poison                        Poison                       2
   Spider Form                        Transmutation/Poison         3
   Venom Bolt                         Conjuration/Poison           5
 N - a book of Transfigurations

   Spells                             Type                      Level
   Stoneskin                          Transmutation/Earth          2
   Polymorph                          Hexes/Transmutation          4
   Ice Form                           Ice/Transmutation            4
   Statue Form                        Transmutation/Earth          6
   Dragon Form                        Transmutation                7
Magical staves
 M - an uncursed staff of fire (weapon)


   Skills:
 - Level 5.0 Fighting
 - Level 2.4 Dodging
 - Level 6.0 Stealth
 + Level 20.5 Spellcasting
 * Level 19.3 Conjurations
 - Level 2.6 Charms
 - Level 2.1 Summonings
 - Level 2.2 Necromancy
 * Level 21.4 Fire Magic
 - Level 2.0 Earth Magic


You had 22 spell levels left.
You knew the following spells:

 Your Spells              Type           Power        Failure   Level  Hunger
a - Flame Tongue          Conj/Fire      #####        1%          1    None
b - Fireball              Conj/Fire      ########..   1%          5    None
c - Sticky Flame          Conj/Fire      ########     1%          4    None
e - Bolt of Fire          Conj/Fire      ########..   1%          6    None
f - Repel Missiles        Chrm/Air       ######....   4%          2    None
A - Magic Dart            Conj           ####         1%          1    None
D - Delayed Fireball      Conj/Fire      N/A          1%          7    ####...
I - Regeneration          Chrm/Necr      ######....   4%          3    None
K - Lee's Rapid Deconstr  Erth           ######....   9%          5    None
U - Summon Butterflies    Summ           ######..     3%          1    None


Dungeon Overview and Level Annotations

Branches:
Dungeon (1/1)

Altars:
Cheibriados
Elyvilon
Fedhas
Kikubaaqudgha
Makhleb
Nemelex Xobeh
Okawaru
Sif Muna
Trog
Vehumet
Xom
Yredelemnul
Zin
the Shining One

Shops:
D *

Annotations:
D Gastronok


Innate Abilities, Weirdness & Mutations

You have large cloven feet.
You possess an exceptional clarity of mind.
Your magical capacity is low (-10% MP).
Your spells are a little harder to cast, but a little more powerful.


Message History

Aiming: Bolt of Fire
Press: ? - help, Shift-Dir - straight line, f/p - dire elephant
Aim: a dire elephant (moderately wounded)
You feel a surge of power!
The bolt of fire hits the dire elephant.
The dire elephant is almost dead.
The dire elephant tramples you.
You hold your ground!
The dire elephant barely misses you.
Casting: Bolt of Fire
Confirm with . or Enter, or press ? or * to list all spells.
Aiming: Bolt of Fire
Press: ? - help, Shift-Dir - straight line, f/p - dire elephant
Aim: a dire elephant (severely wounded)
You feel a surge of power!
The bolt of fire hits the dire elephant.
You kill the dire elephant!
Vehumet accepts your kill.
You feel your power returning.
Gastronok waves his eye-stalks in wide circles.
The air twists around and strikes you!
You die...

######### ### ########## #<<.#...####
##.##############.#.##.#.#####
#...#......#####..#___#__[#__#.#..#.##.([.#..
#..##.......#..#..#...#..)#._#..[[.....##.#..
###.##.##...#..#..###'#'###[##..[[....#.#.#..
##.##.###..##'#..#..........#.))).....##.#..
##.####.##..###...'.⌠........#..#∩#.##.##.'..
#.###..##..####...#...######'#.#.############
##.....##.)###....#.⌠.#..#.:.#[##############
###..##...##.....#...#_.#..[#..§§≈§§#.(...'.
##..##....#......#[###_.#..)#.#§§≈#.#.#...##
#..###..##.#.....#...#_.#...'.#§.§#.#.#)..#.
#..# #..#####....#___#..'...#.#§§§#...#)).##
###########################################.
#.%%@≈≈≈≈≈§§≈.♣♣.....♣♣♣♣≈≈≈........≈≈≈...##
#...#≈≈≈§§§§≈≈♣♣.≈≈≈≈'♣♣'♣≈≈≈≈≈≈≈≈≈≈≈≈....'.
#j.P#≈≈≈§§§≈≈≈.'.....#.≈.....♣♣♣♣.♣.......##
#..P#≈≈≈§§§§≈≈♣..♣♣♣♣#.......♣♣♣♣.........##
#..!#≈≈≈≈§§≈≈≈...♣♣♣♣###'.♣♣.♣♣♣♣...♣♣.♣.♣#.
###+####+#######♣♣♣♣♣♣♣♣.##..##≈≈≈≈≈≈..#))#)
.♣♣♣♣♣...##.##.#≈≈≈≈≈...#|)#. #
♣♣♣.##.##.##'≈≈≈≈≈####+##
♣♣..#.##...#)≈....§§§§#.
♣♣♣.##.##..#≈..+##### #§ ♣♣♣.##.#####...# #§
♣♣.....##......# #§ #########+###### #' #. #§
#


You could see Gastronok.

Vanquished Creatures
  A deep elf master archer (D)
  Sigmund (D)
  Maud (D)
  3 deep elf annihilators (D)
  A deep elf demonologist (D)
  2 dire elephants (D)
  A deep elf death mage (D)
  A yaktaur captain (D)
  A deep elf high priest (D)
  Josephine (D)
  A hydra (D)
  A centaur warrior (D)
  A death drake (D)
  2 deep elf knights (D)
  An unseen horror (D)
  A lindwurm (D)
  2 deep elf conjurers (D)
  An orc knight (D)
  An orc sorcerer (D)
  2 spiny worms (D)
  2 elephants (D)
  Edmund (D)
  2 spiny frogs (D)
  2 deep elf priests (D)
  A yaktaur (D)
  A fire drake (D)
  A komodo dragon (D)
  5 blink frogs (D)
  3 wandering mushrooms (D)
  A stone golem (D)
  3 redbacks (D)
  A spatial vortex (D)
  A swamp drake (D)
  A demigod (D)
  2 orc warriors (D)
  A hydra simulacrum (D)
  A black mamba simulacrum (D)
  A necrophage (D)
  2 centaurs (D)
  A rotting devil (D)
  A water elemental (D)
  An electric eel (D)
  A jelly (D)
  8 orc priests (D)
  An orc wizard (D)
  2 humans (D)
  A necromancer (D)
  A scorpion (D)
  A wizard (D)
  A grizzly bear simulacrum (D)
  A wolf simulacrum (D)
  A kobold demonologist (D)
  An elf (D)
  A giant mite (D)
  A grey rat (D)
  2 oozes (D)
  7 orcs (D)
  5 plants (D)
96 creatures vanquished.

Vanquished Creatures (others)
  2 draconian scorchers (D)
  A hydra (D)
  A yaktaur (D)
  An orc priest (D)
  4 plants (D)
9 creatures vanquished.

Grand Total: 105 creatures vanquished

Notes
Turn   | Place    | Note
--------------------------------------------------------------
     0 | D        | Dalvant, the Deep Elf Fire Elementalist, began the quest for the Orb.
     0 | D        | Reached XP level 1. HP: 10/10 MP: 4/4
   186 | D        | Reached skill level 4 in Fire Magic
   341 | D        | Killed a white draconian scorcher
   396 | D        | Reached skill level 1 in Fighting
   396 | D        | Reached XP level 2. HP: 15/15 MP: 1/7
   502 | D        | Reached skill level 5 in Fire Magic
   502 | D        | Reached XP level 3. HP: 16/19 MP: 1/10
   548 | D        | Killed a white draconian scorcher
   576 | D        | Noticed a scorpion
   577 | D        | Killed a yaktaur
   581 | D        | Killed a scorpion
   581 | D        | Reached skill level 6 in Fire Magic
   723 | D        | Gained mutation: You possess an exceptional clarity of mind. [potion of mutation]
   723 | D        | Gained mutation: Your magical capacity is low (-10% MP). [potion of mutation]
   723 | D        | Gained mutation: Your spells are a little harder to cast, but a little more powerful. [potion of mutation]
   729 | D        | Noticed a water elemental
   731 | D        | Killed a water elemental
   731 | D        | Reached skill level 7 in Fire Magic
   731 | D        | Reached XP level 4. HP: 22/24 MP: 9/12
   737 | D        | Learned a level 4 spell: Sticky Flame
   758 | D        | Found a glowing silver altar of Zin.
   759 | D        | Found a white marble altar of Elyvilon.
   759 | D        | Found a glowing golden altar of the Shining One.
   759 | D        | Noticed a deep elf priest
   764 | D        | Killed a deep elf priest
   764 | D        | Reached skill level 5 in Stealth
   764 | D        | Reached skill level 9 in Fire Magic
   764 | D        | Reached XP level 5. HP: 21/30 MP: 5/17
   764 | D        | Reached XP level 6. HP: 24/35 MP: 5/18
   870 | D        | Learned a level 5 spell: Fireball
   877 | D        | Found a radiant altar of Vehumet.
   877 | D        | Found a deep blue altar of Sif Muna.
   877 | D        | Found an ancient bone altar of Kikubaaqudgha.
   877 | D        | Noticed a wizard
   879 | D        | Killed a wizard
   879 | D        | Reached skill level 5 in Fighting
   893 | D        | Became a worshipper of Vehumet
   905 | D        | Learned a level 3 spell: Regeneration
   908 | D        | Learned a level 2 spell: Repel Missiles
   990 | D        | Found an iron altar of Okawaru.
   990 | D        | Found a bloodstained altar of Trog.
   990 | D        | Noticed a human
   990 | D        | Noticed a human
   992 | D        | Killed a human
   992 | D        | Killed a human
   992 | D        | Reached skill level 1 in Charms
   992 | D        | Reached skill level 1 in Necromancy
  1065 | D        | Found a snail-covered altar of Cheibriados.
  1065 | D        | Found a blossoming altar of Fedhas.
  1065 | D        | Found a basalt altar of Yredelemnul.
  1065 | D        | Noticed a necrophage
  1065 | D        | Noticed a necromancer
  1068 | D        | Killed a necrophage
  1068 | D        | Acquired Vehumet's first power
  1068 | D        | Offered knowledge of Shock by Vehumet.
  1068 | D        | Reached XP level 7. HP: 40/40 MP: 17/21
  1149 | D        | Killed a necromancer
  1149 | D        | Reached skill level 10 in Fire Magic
  1176 | D        | Noticed a jelly
  1178 | D        | Killed a jelly
  1179 | D        | Noticed a demigod
  1182 | D        | Killed a demigod
  1279 | D        | Found a shimmering altar of Xom.
  1279 | D        | Found a burning altar of Makhleb.
  1280 | D        | Noticed a spatial vortex
  1306 | D        | Killed a spatial vortex
  1306 | D        | Reached skill level 10 in Conjurations
  1406 | D        | Found a sparkling altar of Nemelex Xobeh.
  1433 | D        | Noticed Josephine
  1437 | D        | Killed Josephine
  1437 | D        | Offered knowledge of Magic Dart by Vehumet.
  1437 | D        | Reached skill level 11 in Spellcasting
  1437 | D        | Reached skill level 12 in Fire Magic
  1437 | D        | Reached XP level 8. HP: 28/45 MP: 5/25
  1440 | D        | Learned a level 1 spell: Magic Dart
  1552 | D        | Noticed a stone golem
  1563 | D        | Noticed an orc priest
  1563 | D        | Noticed an orc priest
  1564 | D        | Killed an orc priest
  1564 | D        | Offered knowledge of Mephitic Cloud by Vehumet.
  1564 | D        | Killed an orc priest
  1564 | D        | Acquired Vehumet's second power
  1564 | D        | Killed an orc priest
  1566 | D        | Noticed an orc warrior
  1566 | D        | Acquired Vehumet's third power
  1566 | D        | Killed an orc priest
  1566 | D        | Killed an orc wizard
  1567 | D        | Noticed an orc sorcerer
  1567 | D        | Killed an orc warrior
  1567 | D        | Killed an orc sorcerer
  1567 | D        | Reached skill level 13 in Fire Magic
  1567 | D        | Reached XP level 9. HP: 49/49 MP: 20/27
  1571 | D        | Noticed an orc priest
  1571 | D        | Killed an orc priest
  1571 | D        | Killed an orc priest
  1572 | D        | Noticed an orc knight
  1575 | D        | Noticed an orc warrior
  1576 | D        | Killed an orc knight
  1576 | D        | Reached skill level 14 in Fire Magic
  1581 | D        | Killed an orc warrior
  1747 | D        | Found Skauqak's General Store.
  1751 | D        | Bought a +0 pair of boots for 26 gold pieces
  1751 | D        | Bought a potion of curing for 26 gold pieces
  1751 | D        | Bought a potion of blood for 13 gold pieces
  1751 | D        | Bought a choko for 5 gold pieces
  1751 | D        | Bought a choko for 5 gold pieces
  1751 | D        | Bought a scroll of blinking for 71 gold pieces
  1751 | D        | Bought a potion of beneficial mutation for 455 gold pieces
  1751 | D        | Bought a scroll of enchant armour for 71 gold pieces
  1752 | D        | Gained mutation: You have large cloven feet. [potion of beneficial mutation]
  1816 | D        | Noticed a deep elf priest
  1816 | D        | Noticed a deep elf conjurer
  1816 | D        | Noticed a deep elf conjurer
  1816 | D        | Noticed a deep elf knight
  1816 | D        | Noticed a deep elf knight
  1825 | D        | Killed a deep elf conjurer
  1825 | D        | Offered knowledge of Dazzling Spray by Vehumet.
  1828 | D        | Killed a deep elf conjurer
  1828 | D        | Reached skill level 15 in Fire Magic
  1829 | D        | Killed a deep elf knight
  1829 | D        | Reached XP level 10. HP: 16/55 MP: 10/29
  1830 | D        | Killed a deep elf priest
  1846 | D        | Killed a deep elf knight
  1846 | D        | Reached skill level 15 in Spellcasting
  1846 | D        | Reached skill level 16 in Fire Magic
  2048 | D        | Noticed a deep elf annihilator
  2049 | D        | Noticed a deep elf annihilator
  2062 | D        | Killed a deep elf annihilator
  2062 | D        | Offered knowledge of Venom Bolt by Vehumet.
  2106 | D        | Noticed a deep elf master archer
  2108 | D        | Killed a deep elf master archer
  2108 | D        | Reached skill level 17 in Fire Magic
  2147 | D        | Noticed a deep elf demonologist
  2150 | D        | Killed a deep elf demonologist
  2150 | D        | Reached skill level 18 in Fire Magic
  2150 | D        | Reached XP level 11. HP: 32/59 MP: 14/31
  2293 | D        | Noticed a deep elf death mage
  2296 | D        | Killed a deep elf death mage
  2296 | D        | Offered knowledge of Ignite Poison by Vehumet.
  2299 | D        | Noticed a deep elf high priest
  2300 | D        | Killed a deep elf high priest
  2300 | D        | Reached skill level 15 in Conjurations
  2320 | D        | Noticed a deep elf annihilator
  2942 | D        | Killed a deep elf annihilator
  3020 | D        | Killed a deep elf annihilator
  3020 | D        | Reached skill level 19 in Fire Magic
  3024 | D        | Got a crystal dagger
  3106 | D        | Identified the +12,+4 dagger of Honour {stab, +Inv rElec rF+} (You found it in the Dungeon)
  3106 | D        | Identified the +12,+4 dagger of Honour {stab, +Inv rElec rF+} (You found it in the Dungeon)
  3115 | D        | Got a twitching granite ring
  3158 | D        | Identified the Collected Works on Destructive Enchantment
  3158 | D        | Identified Sif Muna's Almanac of Intoxication
  3162 | D        | Identified the Disquisition on Calling
  3295 | D        | Learned a level 1 spell: Summon Butterflies
  3301 | D        | Identified the ring "Gekhaky" {rPois Str+3 Int+2} (You took it off a deep elf death mage in the Dungeon)
  3773 | D        | Killed a stone golem
  3923 | D        | Noticed a centaur
  3923 | D        | Noticed a centaur warrior
  3923 | D        | Noticed a centaur
  3924 | D        | Killed a centaur
  3924 | D        | Killed a centaur
  3924 | D        | Reached skill level 1 in Summonings
  3925 | D        | Killed a centaur warrior
  3960 | D        | Noticed an unseen horror
  3969 | D        | Killed an unseen horror
  3999 | D        | Noticed Sigmund
  3999 | D        | Noticed Edmund
  4001 | D        | Killed Sigmund
  4001 | D        | Offered knowledge of Bolt of Magma by Vehumet.
  4005 | D        | Killed Edmund
  4061 | D        | Noticed an orc priest
  4061 | D        | Noticed an orc priest
  4087 | D        | Killed an orc priest
  4091 | D        | Killed an orc priest
  4098 | D        | Killed an orc priest
  4110 | D        | Noticed a yaktaur
  4111 | D        | Noticed a yaktaur captain
  4112 | D        | Killed a yaktaur
  4118 | D        | Killed a yaktaur captain
  4118 | D        | Reached XP level 12. HP: 34/64 MP: 12/33
  4222 | D        | Noticed a wandering mushroom
  4225 | D        | Killed a wandering mushroom
  4230 | D        | Noticed a wandering mushroom
  4231 | D        | Killed a wandering mushroom
  4271 | D        | Noticed a wandering mushroom
  4272 | D        | Killed a wandering mushroom
  4330 | D        | Killed a wolf simulacrum
  4332 | D        | Noticed a black mamba simulacrum
  4332 | D        | Killed a black mamba simulacrum
  4332 | D        | Offered knowledge of Delayed Fireball by Vehumet.
  4337 | D        | Killed a five-headed hydra simulacrum
  4342 | D        | Learned a level 7 spell: Delayed Fireball
  4346 | D        | Killed a grizzly bear simulacrum
  4389 | D        | Noticed an electric eel
  4391 | D        | Killed an electric eel
  4395 | D        | Noticed a four-headed hydra
  4397 | D        | Killed a four-headed hydra
  4399 | D        | Noticed a six-headed hydra
  4399 | D        | Noticed a death drake
  4401 | D        | Killed a six-headed hydra
  4401 | D        | Reached skill level 20 in Fire Magic
  4416 | D        | Killed a death drake
  4582 | D        | Killed a spiny frog
  4594 | D        | Noticed Maud
  4596 | D        | Killed a redback
  4599 | D        | Killed Maud
  4652 | D        | Noticed a spiny frog
  4657 | D        | Killed a spiny frog
  4683 | D        | Noticed a komodo dragon
  4684 | D        | Noticed a redback
  4684 | D        | Noticed a lindwurm
  4690 | D        | Killed a redback
  4690 | D        | Offered knowledge of Lee's Rapid Deconstruction by Vehumet.
  4705 | D        | Killed a komodo dragon
  4706 | D        | Noticed a redback
  4707 | D        | Killed a redback
  4713 | D        | Killed a lindwurm
  4730 | D        | Noticed a spiny worm
  4731 | D        | Killed a spiny worm
  4814 | D        | Learned a level 5 spell: Lee's Rapid Deconstruction
  4827 | D        | Noticed a spiny worm
  4828 | D        | Killed a spiny worm
  4849 | D        | Noticed a blink frog
  4849 | D        | Noticed a swamp drake
  4849 | D        | Noticed a fire drake
  4850 | D        | Killed a swamp drake
  4850 | D        | Reached skill level 1 in Earth Magic
  4854 | D        | Killed a fire drake
  4894 | D        | Killed a blink frog
  4895 | D        | Noticed a blink frog
  4896 | D        | Noticed a blink frog
  4897 | D        | Noticed a blink frog
  4897 | D        | Killed a blink frog
  4897 | D        | Offered knowledge of Bolt of Fire by Vehumet.
  4910 | D        | Learned a level 6 spell: Bolt of Fire
  4910 | D        | Killed a blink frog
  4910 | D        | Reached skill level 21 in Fire Magic
  4935 | D        | Killed a blink frog
  4936 | D        | Noticed a blink frog
  4936 | D        | Killed a blink frog
  4991 | D        | Noticed an elephant
  4992 | D        | Noticed an elephant
  4992 | D        | Killed an elephant
  4992 | D        | Killed an elephant
  4993 | D        | Noticed a dire elephant
  4993 | D        | Noticed a dire elephant
  4993 | D        | Noticed Gastronok
  4996 | D        | Killed a dire elephant
  4999 | D        | Killed a dire elephant
  4999 | D        | Killed from afar by Gastronok

Action                   |  1- 3 |  4- 6 |  7- 9 | 10-12 || total
-------------------------+-------+-------+-------+-------++-------
Melee: Unarmed           |    13 |       |       |       ||    13
 Cast: Flame Tongue      |    23 |     7 |     9 |    10 ||    49
       Sticky Flame      |       |     3 |     5 |     6 ||    14
       Fireball          |       |     1 |    22 |    84 ||   107
       Repel Missiles    |       |       |     1 |       ||     1
       Magic Dart        |       |       |       |   109 ||   109
       Regeneration      |       |       |       |     5 ||     5
       Bolt of Fire      |       |       |       |     6 ||     6
       Delayed Fireball  |       |       |       |     1 ||     1
Evoke: Wand              |       |       |       |     1 ||     1
  Use: Potion            |     3 |     1 |     1 |     2 ||     7
       Scroll            |       |       |       |     5 ||     5
